 Dungeon Crawl Stone Soup version 0.27-a0-343-gfcad680f63 (webtiles) character file.

Game seed: 10646448286525721579

9 wakim the Insei (level 2, -6/18 HPs)
             Began as an Octopode Transmuter on Feb 14, 2021.
             Mangled by a hobgoblin
             ... wielding a +0 club
              (7 damage)
             ... on level 1 of the Dungeon.
             The game lasted 00:00:52 (247 turns).

wakim the Insei (Octopode Transmuter)                Turns: 247, Time: 00:00:53

Health: -6/18      AC:  1    Str:  9    XL:     2   Next: 16%
Magic:  1/5        EV: 13    Int: 15    God:
Gold:   25         SH:  0    Dex: 12    Spells: 4/5 levels left

rFire    . . .     SeeInvis .     - Unarmed
rCold    . . .     Faith    .   (no shield)
rNeg     . . .     Spirit   .   (helmet currently unavailable)
rPois    .         Reflect  .   (no amulet)
rElec    .         Harm     .   b - ring of resist corrosion
rCorr    +         Rampage  .   (no ring)
Will     .....                  (no ring)
Stlth    ++........             (no ring)
HPRegen  0.06/turn              (no ring)
MPRegen  0.09/turn              (no ring)
                                (no ring)
                                (no ring)

@: appendages, very slightly contaminated
A: almost no armour, stealthy swim, amphibious, 8 rings, constrict 8, tentacle
spike 3, camouflage 1, gelatinous body 1
a: End Transformation


You were on level 1 of the Dungeon.
One of your tentacles had a temporary spike.
You visited 1 branch of the dungeon, and saw 1 of its levels.

You collected 25 gold pieces.

Inventory:

Jewellery
 b - a ring of resist corrosion (left tentacle)
Potions
 a - a potion of mutation {unknown}


   Skills:
 - Level 1.0 Fighting
 + Level 2.1 Dodging
 * Level 3.2 Unarmed Combat
 + Level 2.1 Spellcasting
 * Level 2.2 Transmutations


You had 4 spell levels left.
You knew the following spells:

 Your Spells              Type           Power        Failure   Level
a - Beastly Appendage     Tmut           16%          9%          1

Your spell library contained the following spells:

 Spells                   Type           Power        Failure   Level
 Wereblood                Tmut           8%           13%         2
 Spider Form              Tmut/Pois      2%           38%         3
 Ice Form                 Ice/Tmut       5%           80%         4
 Blade Hands              Tmut           4%           94%         5


Dungeon Overview and Level Annotations

Branches:
Dungeon (1/15)

Altars:


Innate Abilities, Weirdness & Mutations

You cannot wear most types of armour.
You are very stealthy in the water. (Stealth+)
You are amphibious.
You can wear up to eight rings at the same time.
You can use your tentacles to constrict eight enemies at once.
Your skin changes colour to match your surroundings (Stealth+).
Your rubbery body absorbs attacks. (AC +1, EV +1)
One of your tentacles bears a large vicious spike.


Message History

HP restored.
b - a steel ring
b - a ring of resist corrosion (left tentacle)
You now have 25 gold pieces (gained 12).
As you open the door, it creaks loudly!
A leopard gecko comes into view.
You hear a shout!
A kobold comes into view. It is wielding a +0 dagger.
A hobgoblin comes into view. It is wielding a +0 club.
There is an open door here.
You miscast Beastly Appendage.
You are very lightly contaminated with residual magic.
Nothing appears to happen.
The leopard gecko bites you.
You completely miss the leopard gecko. Your grab misses the leopard gecko.
Your squeeze misses the leopard gecko. The leopard gecko bites you.
Casting: Beastly Appendage (safe; 9% risk of failure)
Confirm with . or Enter, or press ? or * to list all spells.
One of your tentacles grows a vicious spike.
The leopard gecko bites you.
* * * LOW HITPOINT WARNING * * *
The leopard gecko barely misses you.
You miss the leopard gecko. You grab the leopard gecko.
You squeeze the leopard gecko.
You kill the leopard gecko!
You have reached level 2!
You miss the kobold. Your grab misses the kobold.
You pierce the kobold.
The kobold is moderately wounded.
The kobold hits you with a +0 dagger.
* * * LOW HITPOINT WARNING * * *
You tentacle-slap the kobold.
You kill the kobold!
You tentacle-slap the hobgoblin but do no damage.
Your grab misses the hobgoblin.
You pierce the hobgoblin.
The hobgoblin is severely wounded.
The hobgoblin hits you with a +0 club.
* * * LOW HITPOINT WARNING * * *
You closely miss the hobgoblin. You grab the hobgoblin.
The hobgoblin is severely wounded.
You constrict the hobgoblin. The hobgoblin hits you with a +0 club!
You die...

....... ....... .......
....... ...K... .......
#############.......
#........@g.'.......
#.###########....... #.#
....... #.# .#+#### ####
#.# .# #... #.# .#
#######... #.# ##
#....##... #.# #....##...
#.###############....##...


You could see a hobgoblin.

Vanquished Creatures
  A leopard gecko (D:1)
  A goblin (D:1)
  A hobgoblin (D:1)
  4 kobolds (D:1)
7 creatures vanquished.

Notes
Turn   | Place    | Note
-------+----------+-------------------------------------------
     0 | D:1      | wakim the Octopode Transmuter began the quest for the Orb.
     0 | D:1      | Reached XP level 1. HP: 13/13 MP: 3/3
   244 | D:1      | Reached XP level 2. HP: 5/18 MP: 1/5
   247 | D:1      | Mangled by a hobgoblin

Illustrated notes

Levels and vault maps discovered:
D:1:      amcnicky_arrival_feature_with_door, layout_basic,
          minmay_strange_pillars

Action                   || total
-------------------------++-------
Melee: Unarmed           ||    20
       Constrict         ||     6
       Kick              ||     6
       Punch             ||     1
       Tentacles         ||     1
 Cast: Beastly Appendage ||     5
Armor: Skin              ||     1
Dodge: Dodged            ||     8

Table legend: (Time is in decaauts)
 A = Elapsed time spent in this place.
 B = Non-inter-level travel time spent in this place.
 C = Inter-level travel time spent in this place.
 D = Time resting spent in this place.
 E = Time spent auto-exploring this place.
 F = Levels seen in this place.
 G = Mean time per level.
                   A        B        C        D        E       F      G
               +--------+--------+--------+--------+--------+-----+--------+
         Total |    245 |    245 |      0 |     99 |     95 |   1 |  245.0 |
       Dungeon |    245 |    245 |      0 |     99 |     95 |   1 |  245.0 |
               +--------+--------+--------+--------+--------+-----+--------+

Top non-repeatable levels by time:
     D:1: 245 daAuts
